 Dungeon Crawl Stone Soup version 0.21.0 (webtiles) character file.

130 MTVSty1e the Caller (level 4, -12/37 HPs)
             Began as a Draconian Summoner on Jan 7, 2018.
             Was a Follower of Elyvilon.
             Mangled by CcS's ghost (14 damage)
             ... on level 3 of the Dungeon.
             The game lasted 00:04:37 (2531 turns).

MTVSty1e the Caller (Draconian Summoner)            Turns: 2531, Time: 00:04:37

Health: -12/37     AC:  6    Str: 16    XL:     4   Next: 89%
Magic:  16/16      EV: 12    Int: 15    God:    Elyvilon [*.....]
Gold:   175        SH:  4    Dex: 12    Spells: 6/7 levels left

rFire    . . .     SeeInvis .   c - +0 hand axe
rCold    . . .     Gourm    .   (no shield)
rNeg     . . .     Faith    .   (armour unavailable)
rPois    .         Spirit   .   (helmet restricted)
rElec    .         Reflect  +   (no cloak)
rCorr    .         Harm     .   g - +0 pair of gloves
MR       .....                  (no boots)
Stlth    ++........             m - +4 amulet of reflection
HPRegen  0.12/turn              l - ring of magical power
MPRegen  0.15/turn              (no ring)

@: mighty, protection
A: unfitting armour, cold-blooded, AC +5
a: Lesser Healing, Divine Protection, Renounce Religion


You were on level 3 of the Dungeon.
You worshipped Elyvilon.
Elyvilon was aware of your devotion.
You were not hungry.

You visited 1 branch of the dungeon, and saw 3 of its levels.

You collected 175 gold pieces.

Inventory:

Hand Weapons
 c - a +0 hand axe (weapon)
Armour
 g - a +0 pair of gloves (worn)
Jewellery
 l - a ring of magical power (left hand)
 m - a +4 amulet of reflection (around neck)
Scrolls
 d - 5 scrolls of identify
 e - a scroll of random uselessness {unknown}
 f - a scroll of teleportation {unknown}
 h - 2 scrolls of remove curse
 i - 2 scrolls of magic mapping {unknown}
 j - a scroll of fear {unknown}
 p - a scroll of noise {unknown}
 r - a scroll of fog {unknown}
Potions
 n - a potion of curing {unknown}
 o - a potion of mutation {unknown}
 q - a potion of haste {unknown}
 s - a potion of lignification {unknown}
Books
 a - a book of Callings

   Spells                             Type                      Level
   a - Summon Small Mammal            Summoning                    1
   b - Call Imp                       Summoning                    2
   c - Call Canine Familiar           Summoning                    3
   d - Summon Guardian Golem          Hexes/Summoning              3
   e - Summon Lightning Spire         Summoning/Air                4
   f - Summon Ice Beast               Ice/Summoning                4
Comestibles
 b - 6 rations


   Skills:
 + Level 2.6 Fighting
 * Level 3.7 Axes
 - Level 1.7 Dodging
 - Level 1.7 Stealth
 - Level 2.0 Spellcasting
 - Level 4.0 Summonings


You had 6 spell levels left.
You knew the following spells:

 Your Spells              Type           Power        Failure   Level  Hunger
a - Summon Small Mammal   Summ           ##..         4%          1    #......


Dungeon Overview and Level Annotations

Branches:
Dungeon (3/15)

Altars:
Elyvilon

Annotations:
D:3 CcS's ghost, amateur MiFi


Innate Abilities, Weirdness & Mutations

Your plain brown scales are hard. (AC +5)
You cannot fit into any form of body armour.
You are cold-blooded and may be slowed by cold attacks.


Message History

CcS's ghost hits you!
You hit CcS's ghost.
CcS's ghost is severely damaged.
You block CcS's ghost's attack.
Okay, then.
You beseech Elyvilon to protect your life.
CcS's ghost hits you!
* * * LOW HITPOINT WARNING * * *
You barely miss CcS's ghost.
CcS's ghost is severely damaged.
CcS's ghost misses you.
You hit CcS's ghost.
CcS's ghost is severely damaged.
CcS's ghost says, "To die, to sleep, no more."
CcS's ghost hits you.
* * * LOW HITPOINT WARNING * * *
You slash CcS's ghost!
CcS's ghost is almost destroyed.
CcS's ghost hits you!
You die...

#####........[...#...#
#............#...#
#............#...#
#............#.###
#............#.#
#.........##.#.#
#.......#.##.#.#
.........#..#W#.# #
..........##.#@..#+#.##
..........##...........
..........##...(.......
##.......##...........
#.......###.....$(...
#.......... #..........
#.......$.. #..........


You could see CcS's ghost.

Vanquished Creatures
  An orc wizard (D:3)
  An adder (D:2)
  3 worms
  5 dart slugs
  A leopard gecko (D:2)
  2 orcs (D:3)
  16 bats
  4 giant cockroaches (D:2)
  11 goblins
  5 hobgoblins
  A quokka (D:2)
  2 ball pythons
  4 frilled lizards
  8 kobolds
  9 rats
  A fungus (D:1)
74 creatures vanquished.

Notes
Turn   | Place    | Note
-------+----------+-------------------------------------------
     0 | D:1      | MTVSty1e the Draconian Summoner began the quest for the Orb.
     0 | D:1      | Reached XP level 1. HP: 14/14 MP: 3/3
   121 | D:1      | Reached skill level 1 in Axes
   192 | D:1      | Reached XP level 2. HP: 22/22 MP: 5/5
   298 | D:1      | Reached skill level 1 in Fighting
   824 | D:1      | Reached XP level 3. HP: 28/28 MP: 6/6
  1727 | D:2      | Reached XP level 4. HP: 26/36 MP: 7/7
  2165 | D:2      | Found a faded altar of an unknown god.
  2206 | D:2      | Became a worshipper of Elyvilon the Healer
  2206 | D:2      | Reached * piety under Elyvilon
  2518 | D:3      | Noticed CcS's ghost (amateur MiFi)
  2531 | D:3      | Mangled by CcS's ghost

Skill      XL: |  1  2  3 |
---------------+----------+-----
Axes           | 1 2 3 |  3.7
Fighting       | 1 2 |  2.6
Dodging        | |  1.7
Stealth        | |  1.7
Spellcasting   | |  2.0
Summonings     | |  4.0

Action                   |  1- 3 |  4- 6 || total
-------------------------+-------+-------++-------
Melee: Hand axe          |   180 |   101 ||   281
       Tailslap          |    25 |    10 ||    35
Invok: Divine Protection |       |     1 ||     1
       Lesser Healing    |       |     1 ||     1
  Use: Scroll            |     2 |       ||     2
       Potion            |       |     1 ||     1
 Stab: Sleeping          |     2 |     2 ||     4
       Distracted        |     1 |       ||     1
  Eat: Ration            |     1 |     1 ||     2
Armor: Skin              |    73 |    30 ||   103
Dodge: Dodged            |   111 |    60 ||   171
Block: Other             |     9 |    16 ||    25
